 Dungeon Crawl Stone Soup version 0.28-a0-1152-g9c71ebef14 (webtiles) character file.

Game seed: 8593045759861204176

241 quinnr the Shield-Bearer (level 6, -2/49 HPs)
             Began as a Formicid Fighter on Dec 15, 2021.
             Was an Initiate of Yredelemnul.
             Slain by a killer bee (4 damage)
             ... on level 7 of the Dungeon.
             The game lasted 00:10:20 (2862 turns).

quinnr the Shield-Bearer (Formicid Fighter)         Turns: 2862, Time: 00:10:20

Health: -2/49      AC:  7    Str: 23    XL:     6   Next: 30%
Magic:  6/6        EV:  9    Int:  7    God:    Yredelemnul [......]
Gold:   144        SH:  5    Dex: 10    Spells: 3/5 levels left

rFire   . . .      SeeInvis +   a - +0 quarterstaff
rCold   . . .      Faith    .   c - +0 buckler
rNeg    . . .      Spirit   .   b - +0 scale mail
rPois   .          Reflect  .   (helmet unavailable)
rElec   .          Harm     .   l - scarf {+Inv}
rCorr   .          Rampage  .   (no gloves)
Will    .....                   (no boots)
Stlth   ..........              (no amulet)
HPRegen 0.16/turn               (no ring)
MPRegen 0.10/turn               (no ring)

@: mighty, marked
A: permanent stasis, dig shafts and tunnels, antennae 3, four strong arms
a: Dig, Shaft Self, Renounce Religion, Evoke Invisibility, Recall Undead Harvest


You were on level 7 of the Dungeon.
You worshipped Yredelemnul.
Yredelemnul was noncommittal.
You visited 1 branch of the dungeon, and saw 5 of its levels.

You collected 144 gold pieces.

Inventory:

Hand Weapons
 a - a +0 quarterstaff (weapon)
Missiles
 n - 9 poisoned darts
Armour
 b - a +0 scale mail (worn)
 c - a +0 buckler (worn)
 l - a scarf of invisibility (worn)
Magical Staves
 h - a staff of air
Scrolls
 e - a scroll of magic mapping {unknown}
 g - a scroll of enchant weapon {unknown}
 k - a scroll of vulnerability
Potions
 f - a potion of haste


   Skills:
 + Level 4.6 Fighting
 + Level 3.3 Staves
 + Level 4.6 Armour
 + Level 5.0 Shields


You had 3 spell levels left.
You knew the following spells:

 Your Spells              Type           Power      Damage    Failure   Level
a - Passwall              Tmut/Erth      0%         N/A       86%         2

Your spell library contained the following spells:

 Spells                   Type           Power      Damage    Failure   Level
 Call Canine Familiar     Summ           0%         N/A       98%         3
 Portal Projectile        Hex/Tloc       0%         N/A       98%         3
 Leda's Liquefaction      Hex/Erth       0%         N/A       100%        4
 Swiftness                Air            Unusable   N/A       N/A         3

Dungeon Overview and Level Annotations

Branches:
Dungeon (4/15)
 Temple: D:4-7

Altars:
Uskayaw
Yredelemnul

Annotations:
D:4 Blork the orc


Innate Abilities, Weirdness & Mutations

You cannot be hasted, slowed, berserked, paralysed or teleported.
You can dig through walls and to a lower floor.
You have a pair of large antennae on your head. (SInv)
Your four strong arms can wield two-handed weapons with a shield.


Message History

Press: ? - help, Dir - move target, f/p - wight
Aim: a wight, wielding a +0 great sword and wearing a +0 robe (heavily damaged, ally target) Attack!
Something hits your orc warrior. Something drains your orc warrior.
The wight hits your orc warrior with a +0 great sword.
Okay, then.
Your orc warrior hits the wight with a +0 mace.
Something barely misses your orc warrior.
The wight hits your orc warrior with a +0 great sword!
Your orc closely misses the wight.
Your orc warrior hits the wight with a +0 mace.
The wight is destroyed!
Something hits your orc warrior!
Your orc warrior dies!
Your orc warrior's corpse dissolves into shadows!
Your Shields skill increases to level 5!
You start resting.
Your orc dissolves into shadows!
A wight comes into view. It is wielding a +3 hand axe.
A wight is nearby!
Okay, then.
As you read the scroll labelled CIROOCI SISTRE, it crumbles to dust.
It is a scroll of amnesia.
Really abort (and waste the scroll)?
Okay, then.
A wight comes into view. It is wielding a +3 mace.
The wight closely misses you. The wight completely misses you.
Really walk onto that alarm trap?
You set off the alarm!
The alarm trap emits a blaring wail!
A sentinel's mark forms upon you.
You hear an angry buzzing noise. x3; You hear an angry hiss.
You hear a shout! x3
You hear a loud, deep croak!
You hear a shout! x7
A killer bee comes into view.
A killer bee comes into view. x3
The killer bee stings you.
* * * LOW HITPOINT WARNING * * *
Found 15 gold pieces.
The killer bee stings you.
You die...
Your body rises from the dead as a mindless zombie.

# ########## #.$
#)....z..#
.....########.#####..#
.......@y..z..# {.♣
.....####z##### { #..
#y# #


#yy { ##.. .## .# .# You could see a killer bee and 2 wights.

Vanquished Creatures
  A bullfrog zombie (D:4)
  A jelly (D:4)
  A scorpion zombie (D:3)
  3 adders
  An orc (D:3)
  7 ball pythons
  10 endoplasms
  4 giant cockroaches
  8 goblins
  7 hobgoblins
  3 jackals (D:1)
  4 kobolds
  5 quokkas
  2 ball python zombies (D:3)
  8 bats
  4 frilled lizards
  A hobgoblin zombie (D:4)
  A rat (D:3)
71 creatures vanquished.

Vanquished Creatures (collateral kills)
  A wight (D:7)
  An adder (D:3)
  A ball python (D:3)
  A goblin (D:3)
  2 rats (D:3)
6 creatures vanquished.

Vanquished Creatures (others)
  A bat zombie (D:3)
  A goblin zombie (D:4)
  A quokka zombie (D:4)
3 creatures vanquished.

Grand Total: 80 creatures vanquished

Notes
Turn   | Place    | Note
-------+----------+-------------------------------------------
     0 | D:1      | quinnr the Formicid Fighter began the quest for the Orb.
     0 | D:1      | Reached XP level 1. HP: 18/18 MP: 1/1
   202 | D:1      | Reached XP level 2. HP: 24/24 MP: 2/2
   455 | D:1      | Reached XP level 3. HP: 25/29 MP: 3/3
   465 | D:1      | Reached skill level 4 in Shields
  1280 | D:2      | Reached XP level 4. HP: 36/37 MP: 4/4
  1483 | D:2      | Learned a level 2 spell: Passwall
  2013 | D:3      | Reached XP level 5. HP: 36/42 MP: 5/5
  2140 | D:3      | Found a basalt altar of Yredelemnul.
  2147 | D:3      | Became a worshipper of Yredelemnul the Dark
  2226 | D:3      | Noticed a golden eye
  2229 | D:3      | Found a faded altar of an unknown god.
  2245 | D:3      | Noticed an eye of devastation
  2250 | D:3      | Noticed a floating eye
  2273 | D:3      | Noticed a golden eye
  2468 | D:3      | Reached * piety under Yredelemnul
  2495 | D:3      | Found a hide-covered altar of Uskayaw.
  2789 | D:4      | Reached XP level 6. HP: 15/49 MP: 6/6
  2821 | D:4      | Noticed Blork the orc
  2825 | D:4      | HP: 2/49 [Blork the orc (9)]
  2827 | D:4      | You fall into a shaft and drop 3 floors!
  2855 | D:7      | Reached skill level 5 in Shields
  2861 | D:7      | HP: 2/49 [killer bee (6)]
  2862 | D:7      | Slain by a killer bee

Illustrated notes

Levels and vault maps discovered:
D:1:      dpeg_arrival_three_same_balls, layout_rooms, minmay_crystal_water
D:2:      layout_basic, minmay_misc_feat_alley, minmay_misc_feat_hallway
D:3:      layout_rooms, nicolae_yredelemnul_corpse_copse,
          lemuel_coloured_pillars_altar, hellmonk_ecumenical_altar_watching_god,
          kennysheep_generic_room_13
D:4:      layout_loops_cross, lemuel_tele_altar, nicolae_ossuary_entry_ruins,
          uniq_blork_the_orc
D:7:      layout_loops_ring, grunt_temple_overflow_open,
          mainiacjoe_overflow_24_doors, minmay_temple_entry_mist,
          gammafunk_ghost_split, serial_shops, nicolae_stop_n_shop_1,
          dk_noncrumbling_4, nicolae_shop_fire_sale [nicolae_sub_dead_trees]

Skill      XL: |  1  2  3  4  5  6 |
---------------+-------------------+-----
Shields        | 4 5 |  5.0
Fighting       | 4 |  4.6
Armour         | 4 |  4.6
Staves         | 3 |  3.3

Action                   |  1- 3 |  4- 6 || total
-------------------------+-------+-------++-------
Melee: Quarterstaff      |    94 |   113 ||   207
Invok: Recall Undead Har |       |     1 ||     1
 Abil: Dig               |    13 |    11 ||    24
       Shaft Self        |       |     1 ||     1
  Use: Scroll            |       |     8 ||     8
       Potion            |       |     2 ||     2
Armor: Scale mail        |    58 |    48 ||   106
Dodge: Dodged            |    68 |    61 ||   129
Block: Buckler           |    24 |    25 ||    49

Table legend: (Time is in decaauts)
 A = Elapsed time spent in this place.
 B = Non-inter-level travel time spent in this place.
 C = Inter-level travel time spent in this place.
 D = Time resting spent in this place.
 E = Time spent auto-exploring this place.
 F = Levels seen in this place.
 G = Mean time per level.
                   A        B        C        D        E       F      G
               +--------+--------+--------+--------+--------+-----+--------+
         Total |   2902 |   2816 |     86 |    355 |   1637 |   5 |  580.4 |
       Dungeon |   2902 |   2816 |     86 |    355 |   1637 |   5 |  580.4 |
               +--------+--------+--------+--------+--------+-----+--------+

Top non-repeatable levels by time:
     D:1: 1164 daAuts
     D:2: 941 daAuts
     D:3: 624 daAuts
     D:4: 136 daAuts
     D:7: 34 daAuts
